 Dungeon Crawl Stone Soup version 0.32-a0-656-g3542139ebd (webtiles) character file.

Game seed: 1371607052628525919

75 ytrimaz the Insei (level 4, -2/32 HPs)
             Began as a Djinni Shapeshifter on Mar 8, 2024.
             Slain by a gnoll
             ... wielding a +0 club
              (7 damage)
             ... on level 3 of the Dungeon.
             The game lasted 00:02:58 (2089 turns).

ytrimaz the Insei (Djinni Shapeshifter)             Turns: 2089, Time: 00:02:58

Health: -2/32      AC:  2    Str: 13    XL:     4   Next: 55%
Gold:   126        EV: 12    Int: 13    God:
                   SH:  0    Dex: 13

rFire   + +          .
                       - Unarmed
rCold   x . .        (no shield)
rNeg    . . .        a - +0 animal skin
rPois   ∞            (helmet currently unavailable)
rElec   .            (cloak currently unavailable)
rCorr   .            (gloves currently unavailable)
SInv    .            (boots unavailable)
Will    .....        (no amulet)
Stlth   +            (no ring)
HPRegen 0.25/turn    (no ring)
MPRegen 0.00/turn

%: infuse magic (-3 HP)
@: beast-form, flying
A: beast (slay +1), flying, sickness immunity, fire resistance 2, cold
vulnerability 1, float, innate caster, HP casting, extra vitality 1
a: Begin Untransformation


You were on level 3 of the Dungeon.
You were a hulking beast.
You visited 1 branch of the dungeon, and saw 3 of its levels.

You collected 126 gold pieces.


Innate Abilities, Weirdness & Mutations

You are a hulking beast.
Your limbs bulge with bestial killing power. (Slay +1)
You are flying.
You are immune to sickness and miasma.
You are immune to poison.
Your flesh is very heat resistant. (rF++)
You are vulnerable to cold. (rC-)
You float through the air rather than walking.
You learn spells naturally, not from books.
Your magical power is your life essence.
You have superior vitality. (+4 MHP)


   Skills:
 - Level 1.1 Fighting
 - Level 2.1 Dodging
 + Level 4.1 Unarmed Combat
 + Level 1.7 Spellcasting
 + Level 1.7 Conjurations
 + Level 1.7 Hexes
   Level 0.0 Charms
 + Level 1.7 Summonings
 + Level 1.7 Necromancy
 + Level 1.7 Translocations
   Level 0.0 Transmutations
 + Level 1.7 Fire Magic
 + Level 1.7 Ice Magic
 + Level 1.7 Air Magic
 + Level 1.7 Earth Magic
 + Level 1.7 Alchemy
 - Level 2.7 Shapeshifting


You knew the following spells:

 Your Spells              Type           Power      Damage    Failure   Level
a - Magic Dart            Conj           20%        1d4       13%         1
Your spell library was empty.

Inventory:

Armour
 a - a +0 animal skin (worn)
Talismans
 c - a beast talisman (active)
 d - a flux talisman
Scrolls
 f - a scroll of noise {unknown}
 i - 2 scrolls of enchant weapon
 j - a scroll of silence
Potions
 b - a potion of lignification
 e - 3 potions of curing
 l - a potion of invisibility {unknown}

Dungeon Overview and Level Annotations

Branches:
Dungeon (3/15) Zot: 15906

Altars:
Okawaru

Shops:
D:2

= #.... ...[
####..#
#.$...######.
#............
#..#.# #g.#
#..#)###g..##
#..#.#.......
#..#[hg#
#..#g.##
#.....#
##...###
#...## #
#.#.# .#
#.#.## #.# #
#..### ###..
##...# #...


You could see 4 gnolls.


Message History

😕 HP[+1] Key pressed, stopping explore.
An adder comes into view.
Found a stone staircase leading down. 😎 HP[+4]
Your hp is fully restored (32).
An adder is nearby!
An adder is nearby!
The magic dart hits the adder.
The adder hisses angrily.
The magic dart hits the adder. 😕 HP[-1]
You take 1 damage, and now have 31/32 hp.
The magic dart hits the adder. 😕 HP[-1]
You take 1 damage, and now have 30/32 hp.
The magic dart hits the adder. 😕 HP[-1]
You take 1 damage, and now have 29/32 hp.
The magic dart hits the adder.
The adder closely misses you.
The magic dart hits the adder.
You kill the adder! 😕 HP[-1]
You take 1 damage, and now have 28/32 hp.
Unknown command.
You can't see any susceptible monsters within range! (Use Z to cast anyway.) Unknown command.
You see here an adder corpse.
You now have 126 gold pieces (gained 8).
A goblin comes into view. It is wielding a +0 club.
A goblin is nearby! 😎 HP[+4]
Your hp is fully restored (32).
A goblin is nearby!
A goblin is nearby!
A goblin is nearby!
A gnoll comes into view. It is wielding a +0 club.
The gnoll shouts!
You see here a +2 ring mail of cold resistance.
The goblin closely misses you.
You punch the goblin!
You kill the goblin!
No target in view!
Things that are here:
a +0 club; a goblin corpse Unknown command.
Found a stone staircase leading up.
A gnoll comes into view. It is wielding a +0 halberd.
Unknown command.
Things that are here:
a +0 club; a goblin corpse The gnoll closely misses you.
The gnoll shouts!
You hear a shout!
The gnoll hits you with a +0 club!
You see here a +2 ring mail of cold resistance. 😮 HP[-8]
You take 8 damage, and now have 24/32 hp.
MASSIVE DAMAGE!! (PAUSE)
You are too injured to fight recklessly!
Unknown command.
You are too injured to fight recklessly!
Unknown command.
You hit the gnoll.
The gnoll hits you with a +0 club. 😮 HP[-4]
You take 4 damage, and now have 20/32 hp.
Unknown command.
Aiming: Magic Dart (safe; 13% risk of failure)
Press: ? - help, Q - select action Shift-Dir - straight line, f - gnoll
Aim: a gnoll, wielding a +0 club (moderately wounded, 100% to hit)
The magic dart hits the gnoll.
The gnoll hits you with a +0 club.
* * * LOW HITPOINT WARNING * * *
😨 HP[-5]
You take 5 damage, and now have 15/32 hp.
Unknown command.
You barely miss the gnoll. The gnoll hits you with a +0 club.
* * * LOW HITPOINT WARNING * * *
A gnoll comes into view. It is wielding a +0 flail. 😨 HP[-4]
You take 4 damage, and now have 11/32 hp.
The gnoll shouts!
You hit the gnoll but do no damage. The gnoll completely misses you.
Unknown command.
You hit the gnoll.
A gnoll comes into view. It is wielding a +0 spear.
The gnoll hits you from afar with a +0 halberd.
* * * LOW HITPOINT WARNING * * *
😱 HP[-4]
You take 4 damage, and now have 7/32 hp.
Unknown command.
The gnoll hits you with a +0 club.
* * * LOW HITPOINT WARNING * * *
The gnoll barely misses you. 😱 HP[-2]
You take 2 damage, and now have 5/32 hp.
You hit the gnoll. The gnoll closely misses you. The gnoll barely misses you.
Unknown command.
Unknown command.
You completely miss the gnoll. The gnoll hits you with a +0 club!
You die...

Skill      XL: |  1  2  3  4 |
---------------+-------------+-----
Spellcasting   | 1 |  1.7
Conjurations   | 1 |  1.7
Hexes          | 1 |  1.7
Summonings     | 1 |  1.7
Necromancy     | 1 |  1.7
Translocations | 1 |  1.7
Fire Magic     | 1 |  1.7
Ice Magic      | 1 |  1.7
Air Magic      | 1 |  1.7
Earth Magic    | 1 |  1.7
Alchemy        | 1 |  1.7
Unarmed Combat | 4 |  4.1
Fighting       | |  1.1
Dodging        | |  2.1
Shapeshifting  | |  2.7

Action                     |  1- 3 |  4- 6 || total
---------------------------+-------+-------++-------
  Melee: Unarmed           |    60 |    14 ||    74
   Cast: Magic Dart        |     2 |    35 ||    37
    Use: Potion            |     1 |     1 ||     2
         Scroll            |       |     6 ||     6
   Stab: Sleeping          |     1 |       ||     1
 Armour: Animal skin       |    29 |    16 ||    45
         Skin              |     3 |       ||     3
  Dodge: Dodged            |    25 |    10 ||    35

Levels and vault maps discovered:
D:1:      roderic_dead_forest, layout_loops_ring, amcnicky_mini_corridor_feature
D:2:      layout_loops_cross, hellmonk_ecumenical_altar_heavens_door,
          serial_shops, shop, basic_altar, uniq_terence
D:3:      cheibrodos_greedy_goblins, layout_loops_ring, gammafunk_ghost_cemetery

Notes
Turn   | Place    | Note
-------+----------+-------------------------------------------
     0 | D:1      | ytrimaz the Djinni Shapeshifter began the quest for the
                  | Orb.
     0 | D:1      | Reached XP level 1. HP: 17/17 MP: 0/0
     0 | D:1      | magus.rc [v1.9.6]
   715 | D:2      | Reached XP level 2. HP: 22/22 MP: 0/0
   902 | D:2      | Found an iron altar of Okawaru.
  1204 | D:2      | Reached XP level 3. HP: 27/27 MP: 0/0
  1204 | D:2      | Learned a level 1 spell: Magic Dart
  1213 | D:2      | Reached skill level 1 in Spellcasting
  1213 | D:2      | Reached skill level 1 in Conjurations
  1213 | D:2      | Reached skill level 1 in Hexes
  1213 | D:2      | Reached skill level 1 in Summonings
  1213 | D:2      | Reached skill level 1 in Necromancy
  1213 | D:2      | Reached skill level 1 in Translocations
  1213 | D:2      | Reached skill level 1 in Fire Magic
  1213 | D:2      | Reached skill level 1 in Ice Magic
  1213 | D:2      | Reached skill level 1 in Air Magic
  1213 | D:2      | Reached skill level 1 in Earth Magic
  1213 | D:2      | Reached skill level 1 in Alchemy
  1282 | D:2      | Identified the +2 mace of the Unliving {pain, rC+ SInv}
  1300 | D:2      | Found Xeathrid's Jewellery Emporium.
  1316 | D:2      | Noticed Terence
  1330 | D:2      | Killed Terence
  1331 | D:2      | Reached XP level 4. HP: 20/32 MP: 0/0
  1450 | D:2      | Found a faded altar of an unknown god.
  1507 | D:3      | HP: 3/32 [ribbon worm (8)]
  1850 | D:3      | Reached skill level 4 in Unarmed Combat
  2086 | D:3      | HP: 7/32 [gnoll/+0 halberd (4)]
  2089 | D:3      | Slain by a gnoll

Vanquished Creatures
  Terence (D:2)
  An adder (D:3)
  A ribbon worm (D:3)
  2 dart slugs
  An orc (D:3)
  A bat (D:2)
  5 endoplasms
  A giant cockroach (D:2)
  3 goblins
  2 hobgoblins
  2 kobolds (D:2)
  2 quokkas
  2 ball pythons
  3 frilled lizards
  4 rats
31 creatures vanquished.

Table legend:
 A = Non-vault XP
 B = Vault XP
 C = Vault XP percentage of total XP
 D = Non-vault monster count
 E = Vault monster count
 F = Vault count percentage of total count
                 A         B        C        D         E       F
            +---------+---------+-------+---------+---------+-------
      Total |      70 |      38 |  35.2 |      30 |       1 |   3.2
            +---------+---------+-------+---------+---------+-------
        D:1 |       7 |       0 |   0.0 |       4 |       0 |   0.0
        D:2 |      27 |      38 |  58.5 |      15 |       1 |   6.2
        D:3 |      36 |       0 |   0.0 |      11 |       0 |   0.0
            +---------+---------+-------+---------+---------+-------

Skill      XL: |  1  2  3  4 |
---------------+-------------+-----
Spellcasting   | 1 |  1.7
Conjurations   | 1 |  1.7
Hexes          | 1 |  1.7
Summonings     | 1 |  1.7
Necromancy     | 1 |  1.7
Translocations | 1 |  1.7
Fire Magic     | 1 |  1.7
Ice Magic      | 1 |  1.7
Air Magic      | 1 |  1.7
Earth Magic    | 1 |  1.7
Alchemy        | 1 |  1.7
Unarmed Combat | 4 |  4.1
Fighting       | |  1.1
Dodging        | |  2.1
Shapeshifting  | |  2.7

Action                     |  1- 3 |  4- 6 || total
---------------------------+-------+-------++-------
  Melee: Unarmed           |    60 |    14 ||    74
   Cast: Magic Dart        |     2 |    35 ||    37
    Use: Potion            |     1 |     1 ||     2
         Scroll            |       |     6 ||     6
   Stab: Sleeping          |     1 |       ||     1
 Armour: Animal skin       |    29 |    16 ||    45
         Skin              |     3 |       ||     3
  Dodge: Dodged            |    25 |    10 ||    35

Illustrated notes

Table legend:
 A = Kills in this place as a percentage of kills in the entire game.
 B = Kills by you in this place as a percentage of kills by you in the entire game.
 C = Kills by friends in this place as a percentage of kills by friends in the entire game.
 D = Other kills in this place as a percentage of other kills in the entire game.
 E = Experience gained in this place as a percentage of experience gained in the entire game.
 F = Experience gained in this place divided by the number of levels of this place that you have seen.
                   A       B       C       D       E      F
               +-------+-------+-------+-------+-------+----------------------
         Total | 100.0 | 100.0 |   N/A |   N/A | 100.0 |  36.0
       Dungeon | 100.0 | 100.0 |   N/A |   N/A | 100.0 |  36.0
               +-------+-------+-------+-------+-------+----------------------

Table legend: (Time is in decaauts)
 A = Elapsed time spent in this place.
 B = Non-inter-level travel time spent in this place.
 C = Inter-level travel time spent in this place.
 D = Time resting spent in this place.
 E = Time spent auto-exploring this place.
 F = Levels seen in this place.
 G = Mean time per level.
                   A        B        C        D        E       F      G
               +--------+--------+--------+--------+--------+-----+--------+
         Total |   2092 |   2057 |     35 |     41 |   1747 |   3 |  697.3 |
       Dungeon |   2092 |   2057 |     35 |     41 |   1747 |   3 |  697.3 |
               +--------+--------+--------+--------+--------+-----+--------+

Top non-repeatable levels by time:
     D:2: 789 daAuts
     D:1: 684 daAuts
     D:3: 618 daAuts
